[Event "January 9 Early 2024"]
[Site "https://www.chess.com"]
[Date "2024.01.11"]
[Round "3"]
[White "Kochiev, Ivan"]
[Black "Llari, Marc"]
[Result "1-0"]
[Board "258"]
[TimeControl "180+1"]
[WhiteFideId "2917890"]
[BlackFideId "651044269"]
[WhiteElo "2559"]
[BlackElo "2296"]
[WhiteTeam "BUL"]
[BlackTeam "FRA"]
[WhiteClock "0:00:09"]
[BlackClock "0:00:11"]

1. e4 e6 2. d4 d5 3. Nd2 Nf6 4. e5 Nfd7 5. Bd3 c5 6. c3 Nc6 7. Ne2 b6 8. f4 a5 9. O-O Ba6 10. Nf3 Bxd3 11. Qxd3 Qc8 12. f5 Nd8 13. Nf4 cxd4 14. cxd4 Qc4 15. Qxc4 dxc4 16. fxe6 Nxe6 17. Nxe6 fxe6 18. Ng5 Ke7 19. Ne4 h6 20. Nd6 Nf6 21. Nxc4 Nd5 22. Ne3 Rd8 23. Nxd5+ Rxd5 24. Be3 Rd7 25. Rac1 Kd8 26. Rc6 Ke7 27. Rxb6 g5 28. Rf6 Bg7 29. Rfxe6+ Kf7 30. Red6 Rc7 31. Rbc6 Rb7 32. b3 a4 33. bxa4 Ra8 34. e6+ Ke8 35. d5 Bf8 36. Bc5 Bxd6 37. Bxd6 Rb1+ 38. Kf2 Rb2+ 39. Kf3 Rxa2 40. Bc5 Rb8 41. d6 Rxa4 42. d7+ Kd8 43. Bb6+ Ke7 44. Rc8 Ra3+ 45. Kg4 Ra4+ 46. Kh3 Ra3+ 47. g3 Ra4 48. d8=Q+ Kxe6 49. Rxb8 Kf5 50. g4+ Rxg4 51. Qd7+ Ke4 52. Qxg4+ Kd3 53. Qh5 Kc2 54. Qxh6 Kb2 55. Qxg5 Ka2 56. Bd8 Ka1 57. Bf6+ Ka2 58. Qa5# 1-0

[Event "January 9 Early 2024"]
[Site "https://www.chess.com"]
[Date "2024.01.11"]
[Round "3"]
[White "Alekseenko, Kirill"]
[Black "Banzea, Alexandru-Bogdan"]
[Result "1/2-1/2"]
[Board "259"]
[TimeControl "180+1"]
[WhiteFideId "4135539"]
[BlackFideId "1232622"]
[WhiteElo "2922"]
[BlackElo "2713"]
[WhiteTeam "AUT"]
[BlackTeam "ROU"]
[WhiteClock "0:00:05"]
[BlackClock "0:00:05"]

1. e4 c6 2. d4 d5 3. exd5 cxd5 4. Bd3 Nf6 5. c3 Bg4 6. Qb3 Qc7 7. h3 Bh5 8. Ne2 Nc6 9. Bf4 Qd7 10. Nd2 e6 11. O-O Bd6 12. Bxd6 Qxd6 13. Rfe1 Bg6 14. Bxg6 hxg6 15. Ng3 O-O 16. Nf3 Qc7 17. Qd1 b5 18. Qd2 Rab8 19. a3 a5 20. b4 Ne7 21. Ne5 Nc8 22. h4 Nd6 23. Qd3 Rfc8 24. Rac1 axb4 25. axb4 Ra8 26. f3 Nc4 27. Nxc4 Qxc4 28. Qxc4 Rxc4 29. Ne2 Rc6 30. Ra1 Rca6 31. Rxa6 Rxa6 32. Nf4 Ra3 33. Rc1 Nd7 34. Kf2 Nb6 35. g4 Na4 36. Ne2 Ra2 37. Ke3 Nb2 38. Rc2 Nc4+ 39. Kd3 Ra1 40. Rc1 Ra2 41. Rc2 Ra1 42. Nc1 f6 43. Nb3 Re1 44. Ra2 Re3+ 45. Kc2 Rxf3 46. Ra8+ Kh7 47. Nc5 Re3 48. Rb8 f5 49. g5 f4 50. Nd7 f3 51. Rf8 Re2+ 52. Kd1 Nb2+ 53. Kc1 Nd3+ 54. Kd1 Nb2+ 55. Kc1 Nd3+ 56. Kd1 Nb2+ 1/2-1/2

[Event "January 9 Early 2024"]
[Site "https://www.chess.com"]
[Date "2024.01.11"]
[Round "3"]
[White "Dyachuk, Artem"]
[Black "Zhigalko, Sergei"]
[Result "0-1"]
[Board "260"]
[TimeControl "180+1"]
[WhiteFideId "34107924"]
[BlackFideId "13502956"]
[WhiteElo "2704"]
[BlackElo "2920"]
[WhiteTeam "UKR"]
[BlackTeam "BLR"]
[WhiteClock "0:00:02"]
[BlackClock "0:00:04"]

1. d4 Nf6 2. c4 e6 3. Nf3 b6 4. g3 Ba6 5. b3 Bb4+ 6. Bd2 Be7 7. Bg2 c6 8. O-O d5 9. Qc2 Nbd7 10. Rd1 O-O 11. Nc3 Rc8 12. e4 dxc4 13. bxc4 Bxc4 14. Bf4 Bb4 15. Rac1 Bxc3 16. Qxc3 Be2 17. Re1 Bxf3 18. Bxf3 Qe7 19. Qb2 Rfd8 20. Rcd1 h6 21. h4 b5 22. g4 Nh7 23. Bg3 Nb6 24. Qb3 Nc4 25. a4 a6 26. d5 Nf8 27. Kg2 Qc5 28. axb5 cxb5 29. Qa2 a5 30. Rc1 a4 31. Qa1 a3 32. d6 e5 33. Red1 Rxd6 34. Rxd6 Qxd6 35. Bxe5 Qg6 36. Bf4 Ne6 37. Bg3 Rd8 38. e5 h5 39. gxh5 Qf5 40. Qc3 Nf4+ 41. Bxf4 Qxf4 42. e6 fxe6 43. h6 Qf6 44. Qa5 gxh6 45. Qa7 Ne5 46. Kh1 Qxf3+ 47. Kh2 Qf4+ 48. Kh1 Qxc1+ 49. Kh2 Qc6 50. Qe7 Qd6 0-1

[Event "January 9 Early 2024"]
[Site "https://www.chess.com"]
[Date "2024.01.11"]
[Round "3"]
[White "Popov, Konstantin"]
[Black "Javakhadze, Zurab"]
[Result "1-0"]
[Board "261"]
[TimeControl "180+1"]
[WhiteFideId "34137910"]
[BlackFideId "13603647"]
[WhiteElo "2911"]
[BlackElo "2698"]
[WhiteTeam "FID"]
[BlackTeam "GEO"]
[WhiteClock "0:00:38"]
[BlackClock "0:00:02"]

1. e4 e5 2. Nf3 Nc6 3. Bb5 a6 4. Ba4 Nf6 5. O-O Be7 6. d3 d6 7. c3 O-O 8. Nbd2 Re8 9. Re1 Bf8 10. Nf1 b5 11. Bc2 d5 12. Qe2 dxe4 13. dxe4 Be6 14. Bg5 Bc4 15. Qd1 Qxd1 16. Rexd1 Be2 17. Rd2 Bxf3 18. gxf3 Rad8 19. a4 b4 20. Bd3 Ra8 21. Ne3 bxc3 22. bxc3 Nd7 23. Bxa6 Rxa6 24. Rxd7 f6 25. Bh4 Re7 26. Rd2 Re8 27. Nd5 Bd6 28. Bxf6 gxf6 29. Nxf6+ Kf7 30. Nxe8 Kxe8 31. Kf1 Na5 32. Rda2 Kd7 33. Ke2 Kc6 34. Rg1 Rb6 35. Kd3 Rb8 36. Rg7 Rf8 37. Ke2 h6 38. Rg6 Rh8 39. Kf1 h5 40. f4 Kc5 41. f5 Kc4 42. Rd2 Kxc3 43. Rd1 Kb4 44. Rd5 Kxa4 45. Kg2 Nc4 46. Kh3 Kb4 47. Kh4 Nb6 48. Rd1 Kc4 49. Kg5 Be7+ 50. f6 Bd6 51. Kf5 Nd7 52. h4 Rf8 53. Rh6 Kc3 54. Rg1 Kd3 55. Rg7 Nc5 56. f3 Ke3 57. Rg3 Kf2 58. Rhg6 Nd7 59. Rg2+ Ke3 60. Ke6 Nc5+ 61. Kd5 Nd7 62. Ke6 Nc5+ 63. Kf5 Nd7 64. Rg1 Nc5 65. f4 Nb3 66. R1g3+ Kf2 67. Rxb3 exf4 68. e5 1-0

[Event "January 9 Early 2024"]
[Site "https://www.chess.com"]
[Date "2024.01.11"]
[Round "3"]
[White "Goryachkina, Aleksandra"]
[Black "Galchenko, Matvey"]
[Result "0-1"]
[Board "262"]
[TimeControl "180+1"]
[WhiteFideId "4147103"]
[BlackFideId "24175480"]
[WhiteElo "2661"]
[BlackElo "2898"]
[WhiteTeam "FID"]
[BlackTeam "FID"]
[WhiteClock "0:00:02"]
[BlackClock "0:00:05"]

1. e4 e6 2. d4 d5 3. Nd2 a6 4. exd5 exd5 5. Ngf3 Nf6 6. Bd3 c5 7. c3 Be7 8. O-O O-O 9. dxc5 Bxc5 10. Nb3 Bb6 11. Nfd4 Nc6 12. Bf4 Re8 13. h3 Ne4 14. Re1 Qf6 15. Bxe4 dxe4 16. Qd2 Qg6 17. Bg3 Bd7 18. Rad1 Nxd4 19. Nxd4 Ba4 20. b3 Bd7 21. Qf4 Rac8 22. c4 Rcd8 23. Nc2 Bc6 24. Ne3 Ba5 25. Rf1 Rd3 26. Nf5 h5 27. Kh2 Bc3 28. Nh4 Qf6 29. Qxf6 Bxf6 30. Nf5 Red8 31. Ne3 Bg5 32. Rde1 Rd2 33. h4 Bf6 34. a4 Rb2 35. Rb1 Rdd2 36. Rxb2 Rxb2 37. Rd1 Rxb3 38. Nd5 Bxd5 39. cxd5 Kf8 40. d6 Rd3 41. Rb1 g5 42. hxg5 Bxg5 43. Rxb7 h4 44. Be5 f6 45. d7 fxe5 46. Rb8+ Ke7 0-1

[Event "January 9 Early 2024"]
[Site "https://www.chess.com"]
[Date "2024.01.11"]
[Round "3"]
[White "Akobian, Varuzhan"]
[Black "Novik, Maxim"]
[Result "1/2-1/2"]
[Board "263"]
[TimeControl "180+1"]
[WhiteFideId "13300580"]
[BlackFideId "4102924"]
[WhiteElo "2659"]
[BlackElo "2472"]
[WhiteTeam "USA"]
[BlackTeam "LTU"]
[WhiteClock "0:00:15"]
[BlackClock "0:00:09"]

1. d4 Nf6 2. c4 g6 3. Nc3 d5 4. Bf4 Bg7 5. e3 c5 6. Rc1 cxd4 7. exd4 O-O 8. Nf3 Nc6 9. c5 Bg4 10. Be2 Ne4 11. Be3 e5 12. dxe5 Nxc3 13. bxc3 Nxe5 14. Nxe5 Bxe2 15. Nxf7 Bxd1 16. Nxd8 Raxd8 17. Kxd1 Bxc3 18. Rxc3 d4 19. Bxd4 Rxd4+ 20. Ke2 Ra4 21. a3 Re8+ 22. Kd2 Rd8+ 23. Kc2 Re4 24. Re3 Rxe3 25. fxe3 Rd5 26. c6 bxc6 27. Rf1 Rc5+ 28. Kb3 Re5 29. Rf3 Kg7 30. Kc4 g5 31. Kd4 Rd5+ 32. Kc4 Re5 33. h3 h5 34. g3 Kg6 35. Kd4 Rd5+ 36. Kc4 Re5 37. g4 hxg4 38. hxg4 Re4+ 39. Kc5 Rxg4 40. Kxc6 Ra4 41. e4 Rxe4 42. Kb5 g4 43. Rf1 Kg5 44. Rf7 g3 45. Rxa7 Rg4 46. Rg7+ Kf5 47. Rf7+ Ke4 48. Rf1 g2 49. Rg1 Kf3 50. a4 Kf2 51. Rxg2+ Kxg2 52. a5 Kf3 53. a6 Ke4 54. a7 Rg8 55. Kc6 Kd4 56. Kb7 Kc5 57. a8=Q Rxa8 58. Kxa8 1/2-1/2

[Event "January 9 Early 2024"]
[Site "https://www.chess.com"]
[Date "2024.01.11"]
[Round "3"]
[White "Gevorgyan, Maria"]
[Black "Isajevsky, Anton"]
[Result "0-1"]
[Board "264"]
[TimeControl "180+1"]
[WhiteFideId "13300270"]
[BlackFideId "4142500"]
[WhiteElo "2430"]
[BlackElo "2628"]
[WhiteTeam "ARM"]
[BlackTeam "RUS"]
[WhiteClock "0:00:14"]
[BlackClock "0:00:09"]

1. e4 c5 2. Nc3 d6 3. d4 cxd4 4. Qxd4 e5 5. Qd2 Nf6 6. b3 Be7 7. Bb2 O-O 8. O-O-O Nc6 9. Kb1 Be6 10. f4 exf4 11. Qxf4 Qa5 12. Nf3 Rac8 13. h3 Rfd8 14. Ng5 Ne5 15. Nd5 Bxd5 16. exd5 Nfd7 17. Bd3 Bxg5 18. Qxg5 f6 19. Qh4 Nxd3 20. Rxd3 Re8 21. Rg3 Re1+ 22. Rxe1 Qxe1+ 23. Bc1 Qe2 24. c4 b5 25. Re3 Qxg2 26. Rg3 Qe2 27. Qh6 Qe4+ 28. Kb2 g6 29. Re3 Qd4+ 30. Kb1 Ne5 31. Bb2 Qd1+ 32. Bc1 bxc4 33. Rc3 Qxd5 34. Qf4 f5 35. Qf2 Rc7 36. h4 Rb7 37. h5 cxb3 38. a3 b2 39. Rc8+ Kf7 40. Bxb2 Nc4 41. Rxc4 Qxc4 42. hxg6+ hxg6 43. Qh2 Qe4+ 44. Ka1 Rxb2 45. Kxb2 Qe5+ 46. Qxe5 dxe5 47. Kc3 g5 48. Kc4 g4 49. Kb5 g3 50. Ka6 g2 51. Kxa7 g1=Q+ 52. Kb7 Qa1 0-1

[Event "January 9 Early 2024"]
[Site "https://www.chess.com"]
[Date "2024.01.11"]
[Round "3"]
[White "McCoy, Owen"]
[Black "Marchesich, Giovanni"]
[Result "1-0"]
[Board "265"]
[TimeControl "180+1"]
[WhiteFideId "30924502"]
[BlackFideId "2824790"]
[WhiteElo "2593"]
[BlackElo "2377"]
[WhiteTeam "USA"]
[BlackTeam "ITA"]
[WhiteClock "0:00:04"]
[BlackClock "0:00:05"]

1. d4 g6 2. Nf3 Bg7 3. g3 d6 4. Bg2 Bd7 5. O-O Qc8 6. Re1 h5 7. e4 Nc6 8. c3 e5 9. dxe5 dxe5 10. Nbd2 Nge7 11. a4 Bh3 12. Bh1 h4 13. Nxh4 Qe6 14. Nhf3 O-O-O 15. Ng5 Qf6 16. Nxh3 Rxh3 17. Qg4+ Qe6 18. Qxe6+ fxe6 19. Bg2 Rhh8 20. Nf3 Na5 21. Bg5 Rd7 22. Rad1 Rhd8 23. Rxd7 Rxd7 24. Bf1 a6 25. h4 c5 26. Bh3 Kd8 27. Bxe6 Rd3 28. Nd2 b5 29. axb5 axb5 30. Kf1 Rd6 31. Bg4 Nc6 32. Nb3 c4 33. Nc5 Ke8 34. Ra1 Kf7 35. Ke2 Bf6 36. Be3 b4 37. Rd1 Nd4+ 38. cxd4 exd4 39. Bf4 d3+ 40. Kf1 Rc6 41. e5 Bg7 42. Nxd3 cxd3 43. Rxd3 Rc2 44. b3 Nc6 45. e6+ Kg8 46. Bf3 Nd4 47. Bd5 Kf8 48. Bd6+ Ke8 49. Bxb4 Rc1+ 50. Kg2 Ne2 51. Bc4 Rg1+ 52. Kf3 Nd4+ 53. Rxd4 Bxd4 54. Bb5+ 1-0

[Event "January 9 Early 2024"]
[Site "https://www.chess.com"]
[Date "2024.01.11"]
[Round "3"]
[White "Sanal, Vahap"]
[Black "Onyshchuk, Volodymyr"]
[Result "0-1"]
[Board "266"]
[TimeControl "180+1"]
[WhiteFideId "6300545"]
[BlackFideId "14114038"]
[WhiteElo "2922"]
[BlackElo "2736"]
[WhiteTeam "TUR"]
[BlackTeam "UKR"]
[WhiteClock "0:00:02"]
[BlackClock "0:00:02"]

1. e4 d6 2. d4 g6 3. Nf3 Bg7 4. Bd3 Nc6 5. c3 e5 6. Be3 Nf6 7. Nbd2 h6 8. h3 O-O 9. O-O Re8 10. Re1 d5 11. dxe5 Nxe5 12. Nxe5 dxe4 13. Nxe4 Rxe5 14. Bd4 Re6 15. Qf3 Nxe4 16. Bxe4 Bxd4 17. cxd4 Rf6 18. Qe3 Kg7 19. Rad1 Rb6 20. Qc3 Qf6 21. Re3 Qd6 22. Rc1 Bd7 23. Rc2 Re8 24. Qxc7 Qxd4 25. Qc3 Qxc3 26. bxc3 Bc6 27. Rce2 Bxe4 28. Rxe4 Rxe4 29. Rxe4 Rb1+ 30. Kh2 Rb2 31. Re7 Rxf2 32. Rxb7 Rxa2 33. c4 Kf6 34. c5 Ke6 35. c6 a5 36. Ra7 a4 37. c7 Kd7 38. c8=Q+ Kxc8 39. Rxf7 a3 40. Rf6 Rc2 41. Rxg6 a2 42. Ra6 Kb7 43. Ra4 Kb6 44. h4 Kb5 45. Ra8 h5 46. Kg3 Kb4 47. Rb8+ Kc3 48. Ra8 Kb3 49. Kf3 Kb2 50. Rxa2+ Kxa2 51. g4 Rc3+ 52. Kg2 hxg4 0-1

[Event "January 9 Early 2024"]
[Site "https://www.chess.com"]
[Date "2024.01.11"]
[Round "3"]
[White "Limontaite, Simona"]
[Black "Radzhabov, Rodion"]
[Result "0-1"]
[Board "267"]
[TimeControl "180+1"]
[WhiteFideId "12802506"]
[BlackFideId "884715"]
[WhiteElo "2305"]
[BlackElo "2565"]
[WhiteTeam "LTU"]
[BlackTeam "RUS"]
[WhiteClock "0:00:02"]
[BlackClock "0:00:06"]

1. d4 Nf6 2. c4 e6 3. Nc3 Bb4 4. Qc2 c5 5. e3 O-O 6. Bd3 d5 7. cxd5 cxd4 8. exd4 Qxd5 9. Nf3 Qh5 10. O-O Nc6 11. h3 Rd8 12. Rd1 e5 13. dxe5 Bxh3 14. Bf4 Bxc3 15. bxc3 Nd5 16. Bg3 Bg4 17. Be4 Nde7 18. Rxd8+ Rxd8 19. Rd1 Rc8 20. Rd2 Qh6 21. Rd6 Qh5 22. Qd2 Bf5 23. Ng5 h6 24. Bxf5 Nxf5 25. Ne4 Nxd6 26. exd6 Re8 27. f3 Qf5 28. Bf2 Ne5 29. Nc5 Nd7 30. Nxd7 Qxd7 31. c4 b6 32. Bg3 Re6 33. Kh2 f6 34. Qd5 Kf7 35. a3 Kg6 36. Qd3+ Kf7 37. Qd5 g6 38. Qd2 g5 39. Qd3 Kg7 40. Qd5 h5 41. f4 h4 42. Bf2 Qxd6 43. Qf5 Qxf4+ 44. Qxf4 gxf4 45. Bxh4 Rc6 46. g3 fxg3+ 47. Bxg3 Rxc4 48. Bb8 Ra4 49. Bd6 Kf7 0-1

[Event "January 9 Early 2024"]
[Site "https://www.chess.com"]
[Date "2024.01.11"]
[Round "3"]
[White "Smirnov, Mark"]
[Black "Terziev, Dimo"]
[Result "1-0"]
[Board "268"]
[TimeControl "180+1"]
[WhiteFideId "13764594"]
[BlackFideId "2925397"]
[WhiteElo "2538"]
[BlackElo "2167"]
[WhiteTeam "KAZ"]
[BlackTeam "BUL"]
[WhiteClock "0:00:07"]
[BlackClock "0:00:03"]

1. e4 g6 2. d4 Bg7 3. Nc3 d6 4. f4 Nf6 5. Nf3 O-O 6. Bd3 c5 7. dxc5 dxc5 8. e5 Nd5 9. Nxd5 Qxd5 10. Qe2 Nc6 11. Be4 Qd8 12. O-O Bd7 13. Be3 b6 14. c3 Qc7 15. Rad1 Rad8 16. Rd2 Bg4 17. Rfd1 Rxd2 18. Rxd2 Bf5 19. Bxf5 gxf5 20. e6 fxe6 21. Qc4 Rf6 22. Qd3 Rf8 23. Ng5 Qc8 24. Qd7 Qxd7 25. Rxd7 e5 26. Rc7 exf4 27. Bxf4 Be5 28. Ne6 Bxc7 29. Bxc7 Rf6 30. Nf4 e5 31. Nd5 Rf7 32. c4 e4 33. Kf2 Nd4 34. Be5 Nc2 35. b3 Nb4 36. Nf4 Kf8 37. Ke2 Ke7 38. Bc3 Kd7 39. g3 Nc6 40. a3 h6 41. b4 cxb4 42. axb4 a5 43. b5 Nb4 44. Ke3 Na2 45. Bd2 Nb4 46. Kd4 Nc2+ 47. Kc3 Nb4 48. Kb3 Nd3 49. Nd5 Nc5+ 50. Kc3 Na4+ 51. Kd4 Nc5 52. Nxb6+ Kc7 53. Kxc5 Rf6 54. Nd5+ 1-0

[Event "January 9 Early 2024"]
[Site "https://www.chess.com"]
[Date "2024.01.11"]
[Round "3"]
[White "Bhagyashree Patil"]
[Black "Mammadov, Ziya"]
[Result "1-0"]
[Board "269"]
[TimeControl "180+1"]
[WhiteFideId "25053256"]
[BlackFideId "13418890"]
[WhiteElo "2331"]
[BlackElo "1964"]
[WhiteTeam "IND"]
[BlackTeam "AZE"]
[WhiteClock "0:00:13"]
[BlackClock "0:00:03"]

1. d4 Nf6 2. Nf3 d6 3. b3 g6 4. e3 Bg7 5. Bb2 Nbd7 6. c4 O-O 7. Be2 c5 8. O-O cxd4 9. exd4 b6 10. Nc3 Bb7 11. Qd2 Ne4 12. Nxe4 Bxe4 13. Rfe1 Bxf3 14. Bxf3 Rc8 15. Re2 a6 16. Rae1 e5 17. Bb7 Rc7 18. Bxa6 Ra7 19. Bb5 Rxa2 20. dxe5 Nxe5 21. Qd5 Nf3+ 22. Qxf3 Rxb2 23. Rxb2 Bxb2 24. Qe4 Qf6 25. g3 Qe5 26. f4 Qc5+ 27. Kg2 Qb4 28. Re3 Qd2+ 29. Re2 Qc3 30. Qe3 Qxe3 31. Rxe3 Bd4 32. Re7 Ra8 33. Ba4 Ra5 34. Kf3 Rh5 35. h4 Rf5 36. Bc6 Bc5 37. Bd5 Rf6 38. Ke4 Kf8 39. Rb7 Kg7 40. g4 h6 41. g5 hxg5 42. hxg5 Rf5 43. Be6 Kg8 44. Bxf5 gxf5+ 45. Kxf5 Kg7 46. g6 Kf8 47. Rxf7+ Kg8 48. Rb7 Kf8 49. Ke6 Kg8 50. f5 Kf8 51. f6 1-0

[Event "January 9 Early 2024"]
[Site "https://www.chess.com"]
[Date "2024.01.11"]
[Round "3"]
[White "Lagarde, Maxime"]
[Black "Olsson, Linus"]
[Result "1-0"]
[Board "270"]
[TimeControl "180+1"]
[WhiteFideId "662399"]
[BlackFideId "1706098"]
[WhiteElo "2814"]
[BlackElo "2510"]
[WhiteTeam "FRA"]
[BlackTeam "SWE"]
[WhiteClock "0:00:14"]
[BlackClock "0:00:07"]

1. d4 Nf6 2. c4 e5 3. dxe5 Ne4 4. Nf3 Bb4+ 5. Bd2 Nxd2 6. Nbxd2 Nc6 7. a3 Bxd2+ 8. Qxd2 Qe7 9. Qc3 b6 10. b4 Bb7 11. e3 O-O-O 12. b5 Na5 13. Be2 g5 14. O-O g4 15. Nd4 Qxe5 16. Rac1 Rhg8 17. Rfd1 h5 18. c5 Qxc5 19. Qxc5 bxc5 20. Rxc5 h4 21. Rdc1 g3 22. Bf3 Bxf3 23. gxf3 c6 24. bxc6 Nxc6 25. Nxc6 dxc6 26. Rxc6+ Kb8 27. R6c2 Rd3 28. hxg3 hxg3 29. fxg3 Rxg3+ 30. Kf2 Rg8 31. a4 Ra3 32. Rc4 Ra2+ 33. R1c2 Rxc2+ 34. Rxc2 Kb7 35. e4 Kb6 36. Rb2+ Ka5 37. Rb7 Ra8 38. Rxf7 Kxa4 39. e5 Kb5 40. Ke3 a5 41. Ke4 a4 42. Rb7+ Kc6 43. Rb2 a3 44. Ra2 Ra4+ 45. Kf5 Kd5 46. f4 Ra8 47. Rd2+ Kc4 48. Ra2 Kd5 49. Kg5 Ke4 50. e6 Kd5 51. f5 Ke5 52. Re2+ Kd5 53. e7 a2 54. Rxa2 Re8 55. f6 Ke6 56. Re2+ Kf7 57. Kf5 Rg8 58. e8=Q+ Rxe8 59. Rxe8 Kxe8 60. Kg6 Kf8 61. f7 Ke7 62. Kg7 Ke6 63. f8=Q Kd7 64. Qf6 1-0

[Event "January 9 Early 2024"]
[Site "https://www.chess.com"]
[Date "2024.01.11"]
[Round "3"]
[White "Kurmangaliyeva, Liya"]
[Black "Fedoseev, Vladimir"]
[Result "0-1"]
[Board "271"]
[TimeControl "180+1"]
[WhiteFideId "13725831"]
[BlackFideId "24130737"]
[WhiteElo "2527"]
[BlackElo "3056"]
[WhiteTeam "KAZ"]
[BlackTeam "SLO"]
[WhiteClock "0:00:06"]
[BlackClock "0:00:11"]

1. d4 d5 2. Nf3 Nf6 3. c4 c6 4. Nc3 e6 5. e3 Be7 6. Qc2 O-O 7. Bd3 dxc4 8. Bxc4 c5 9. O-O cxd4 10. Nxd4 Bd7 11. Rd1 Qc8 12. Be2 Nc6 13. Ndb5 a6 14. Nd6 Qc7 15. Nce4 Nd5 16. Nc4 b5 17. Ncd2 Nd4 18. Qxc7 Nxe2+ 19. Kf1 Nxc7 20. Kxe2 b4 21. Nb3 Bb5+ 22. Ke1 Bc6 23. f3 a5 24. Bd2 Bd5 25. Nd4 e5 26. Nf5 Bd8 27. b3 g6 28. Nfd6 f5 29. Ng3 Ra6 30. Nc4 Bxc4 31. bxc4 Ne6 32. Rac1 Nc5 33. Ke2 Be7 34. Be1 Kf7 35. e4 f4 36. Nf1 Ke6 37. Bf2 Na4 38. Be1 Rc8 39. Rd5 Nb6 40. Rb5 Nxc4 41. Nd2 Nd6 42. Rxc8 Nxb5 43. Rb8 Nd4+ 44. Kd3 a4 45. Nc4 b3 46. axb3 Nxb3 47. Bc3 Nc5+ 48. Kc2 Nd7 49. Rb7 Rc6 50. Nb2 a3 51. Nd3 Nb6 52. Ra7 Nc4 53. Kb3 Bd6 54. Bb4 Nb2 55. Nxb2 axb2 0-1

[Event "January 9 Early 2024"]
[Site "https://www.chess.com"]
[Date "2024.01.11"]
[Round "3"]
[White "Fernandez Guillen, Ernesto J."]
[Black "Bluebaum, Matthias"]
[Result "0-1"]
[Board "272"]
[TimeControl "180+1"]
[WhiteFideId "3512428"]
[BlackFideId "24651516"]
[WhiteElo "2789"]
[BlackElo "3083"]
[WhiteTeam "CUB"]
[BlackTeam "GER"]
[WhiteClock "0:00:07"]
[BlackClock "0:00:11"]

1. e4 e6 2. Nf3 d5 3. Nc3 Nf6 4. e5 Nfd7 5. d4 c5 6. Ne2 Nc6 7. c3 Be7 8. a3 O-O 9. b4 cxd4 10. cxd4 f6 11. Bb2 Nb6 12. Ng3 fxe5 13. dxe5 Nc4 14. Bxc4 dxc4 15. Qc2 b5 16. Rd1 Qe8 17. O-O Bb7 18. Qe4 Rd8 19. Qg4 Qg6 20. Qxg6 hxg6 21. Ne2 a5 22. bxa5 Nxa5 23. Nfd4 Bd5 24. Nc3 b4 25. axb4 Bxb4 26. Nxd5 exd5 27. Ne6 c3 28. Bc1 Nb3 29. Bg5 Rc8 30. Rb1 Nc5 31. Nxf8 Ba3 32. Bc1 Bxc1 33. Rbxc1 Nb3 34. Ne6 d4 35. Nf4 c2 36. f3 Rc3 37. Kf2 g5 38. Ne2 Rc4 39. Ng3 d3 40. Ne4 Rxe4 41. fxe4 Nxc1 42. Ke3 Nb3 43. Kxd3 c1=Q 44. Rxc1 Nxc1+ 45. Kd4 Kf7 46. Kd5 Ke7 47. e6 Nd3 48. g3 g4 49. Kd4 Ne1 50. Ke5 Nf3+ 51. Kf5 Nxh2 52. e5 Nf3 53. Kxg4 Nd4 54. Kg5 Nxe6+ 55. Kg6 Kf8 56. g4 Kg8 57. g5 Kf8 58. Kf5 Kf7 59. g6+ Ke7 60. Ke4 Kd7 61. Kf5 Nf8 0-1

[Event "January 9 Early 2024"]
[Site "https://www.chess.com"]
[Date "2024.01.11"]
[Round "3"]
[White "Ismagilov, Damir"]
[Black "Cruz, William Ferreira Da"]
[Result "0-1"]
[Board "273"]
[TimeControl "180+1"]
[WhiteFideId "34199982"]
[BlackFideId "2118050"]
[WhiteElo "2548"]
[BlackElo "2326"]
[WhiteTeam "RUS"]
[BlackTeam "BRA"]
[WhiteClock "0:00:31"]
[BlackClock "0:00:19"]

1. e4 e6 2. d4 d5 3. exd5 exd5 4. Bd3 Bd6 5. Ne2 Nf6 6. Bg5 h6 7. Bh4 Nc6 8. c3 O-O 9. O-O Bxh2+ 10. Kh1 Bd6 11. Nd2 Be7 12. Nf3 Bg4 13. Nh2 Bh5 14. Qc2 Ne4 15. Bxe7 Qxe7 16. Nf4 Qh4 17. Nxd5 Bg6 18. Nf4 Qxf4 19. Rae1 Rfe8 20. Nf3 Ng5 21. Bxg6 Nxf3 22. Bh7+ Kh8 23. gxf3 Qxf3+ 24. Kg1 g6 25. Re3 Qf6 26. Kg2 Kxh7 27. Rf3 Qe6 28. Rh1 Qg4+ 29. Rg3 Qe4+ 30. Qxe4 Rxe4 31. Rgh3 h5 32. Rf3 Kg7 33. b4 Rae8 34. b5 Ne7 35. Rb1 Nf5 36. Rd3 Rg4+ 37. Kf1 Rh4 38. Kg2 Ree4 39. a4 Reg4+ 40. Kf3 Rh3+ 41. Ke2 Rxd3 42. Kxd3 h4 43. Ke2 h3 44. Kf3 Rh4 45. a5 h2 46. Rh1 Kf6 47. c4 Nxd4+ 48. Kg3 Nf5+ 49. Kg2 g5 50. c5 b6 51. c6 bxa5 52. Ra1 h1=Q+ 53. Rxh1 Rxh1 54. Kxh1 a4 55. b6 axb6 56. f4 a3 57. Kg2 a2 58. Kf3 a1=Q 59. fxg5+ Kxg5 60. Ke4 Ng7 61. Kd5 Qa5+ 62. Kc4 Qc5+ 63. Kd3 Qxc6 64. Kd2 b5 65. Ke1 b4 66. Kf1 b3 67. Ke2 b2 68. Kf2 b1=Q 69. Ke3 Qb3+ 70. Kd2 Qcc2+ 0-1

[Event "January 9 Early 2024"]
[Site "https://www.chess.com"]
[Date "2024.01.11"]
[Round "3"]
[White "Matlakov, Maxim"]
[Black "Korchmar, Vasiliy"]
[Result "1-0"]
[Board "274"]
[TimeControl "180+1"]
[WhiteFideId "4168003"]
[BlackFideId "24131750"]
[WhiteElo "2947"]
[BlackElo "2713"]
[WhiteTeam "RUS"]
[BlackTeam "RUS"]
[WhiteClock "0:00:04"]
[BlackClock "0:00:02"]

1. d4 d5 2. c4 e6 3. Nc3 Nf6 4. cxd5 exd5 5. Bf4 Bd6 6. Bxd6 Qxd6 7. e3 O-O 8. Bd3 Bg4 9. Qc2 c6 10. Nge2 Re8 11. O-O Nbd7 12. Ng3 Nf8 13. Rae1 h5 14. f3 Bd7 15. a3 Re7 16. Qf2 Rae8 17. h3 c5 18. Nb5 Qb6 19. dxc5 Qxc5 20. Nd4 g6 21. Rc1 Qb6 22. Rfe1 Ne6 23. Nge2 Nc5 24. Nf4 Nb3 25. Nxb3 Qxb3 26. Qg3 Qb6 27. Kh1 Rxe3 28. Rxe3 Qxe3 29. Rd1 Ba4 30. b3 Bxb3 31. Rb1 h4 32. Qg5 Ba2 33. Ra1 Nh5 34. Bxg6 Qxf4 35. Qxh5 fxg6 36. Qxg6+ Kf8 37. Rd1 Bc4 38. Qh7 Re7 39. Qh8+ Kf7 40. Qh7+ Kf8 41. Qh8+ Kf7 42. Qh7+ Ke8 43. Qh8+ Kd7 44. Qa8 Kc7 45. Qxa7 Qe3 46. Qa5+ Qb6 47. Qc3 Re2 48. Rxd5 Qc6 49. Rd1 b6 50. Rc1 b5 51. a4 Re6 52. axb5 Qxb5 53. Qxc4+ Qxc4 54. Rxc4+ Kd7 55. Rxh4 1-0

[Event "January 9 Early 2024"]
[Site "https://www.chess.com"]
[Date "2024.01.11"]
[Round "3"]
[White "Guerrero Olmos, Sergio"]
[Black "Volkov, Maksim"]
[Result "0-1"]
[Board "275"]
[TimeControl "180+1"]
[WhiteFideId "2257238"]
[BlackFideId "54123070"]
[WhiteElo "2458"]
[BlackElo "2663"]
[WhiteTeam "ESP"]
[BlackTeam "RUS"]
[WhiteClock "0:00:09"]
[BlackClock "0:00:05"]

1. d4 Nf6 2. Nf3 e6 3. Bf4 b6 4. e3 Be7 5. h3 O-O 6. Nbd2 c5 7. c3 Bb7 8. Be2 d6 9. O-O a6 10. a4 Nbd7 11. Nc4 Qc7 12. dxc5 Nxc5 13. Bxd6 Bxd6 14. Qxd6 Qxd6 15. Nxd6 Bd5 16. c4 Bc6 17. b4 Nxa4 18. Nd4 Bd7 19. Ra3 a5 20. Rb1 e5 21. Nf3 e4 22. Ne5 axb4 23. Rxb4 Nc5 24. Rxa8 Rxa8 25. Rxb6 Be6 26. Rb5 Na4 27. Bf1 g5 28. c5 Nc3 29. Rb2 Ra1 30. Rc2 Nfd5 31. c6 Nd1 32. c7 N1xe3 33. c8=Q+ Bxc8 34. Rxc8+ Kg7 35. fxe3 Nxe3 36. Rc7 Rxf1+ 37. Kh2 Kf6 38. Ndxf7 Rf2 39. Rc6+ Ke7 40. Kg1 Rxg2+ 41. Kh1 Rg3 42. Nd6 Rxh3+ 43. Kg1 Ke6 44. Ndc4+ Kd5 45. Nxe3+ Rxe3 46. Ng4 Rg3+ 47. Kf2 Rxg4 48. Rc7 Rf4+ 49. Kg3 h6 50. Rd7+ Ke6 51. Rh7 Rf6 52. Rxh6 Rxh6 53. Kg4 Rf6 0-1

[Event "January 9 Early 2024"]
[Site "https://www.chess.com"]
[Date "2024.01.11"]
[Round "3"]
[White "Hejazipour, Mitra"]
[Black "Sadhwani, Raunak"]
[Result "0-1"]
[Board "276"]
[TimeControl "180+1"]
[WhiteFideId "12505951"]
[BlackFideId "35093487"]
[WhiteElo "2464"]
[BlackElo "3079"]
[WhiteTeam "FRA"]
[BlackTeam "IND"]
[WhiteClock "0:00:04"]
[BlackClock "0:00:12"]

1. d4 d6 2. e4 g6 3. Nc3 a6 4. a4 Bg7 5. Nf3 Nf6 6. Bc4 O-O 7. Qe2 Bg4 8. O-O Nc6 9. Be3 e5 10. d5 Nd4 11. Bxd4 exd4 12. Nb1 Re8 13. Nbd2 Nh5 14. h3 Nf4 15. Qd1 Bh5 16. Re1 g5 17. Bf1 g4 18. hxg4 Bxg4 19. g3 Nh3+ 20. Bxh3 Bxh3 21. Nb3 Bg4 22. Qd3 h5 23. Nbxd4 Qf6 24. c3 Bd7 25. Nh4 Qg5 26. Ndf5 Bf8 27. Kg2 c6 28. c4 cxd5 29. cxd5 Rac8 30. Rh1 Qf6 31. Nf3 Bxf5 32. exf5 Qxb2 33. Rab1 Qc2 34. Qd4 Qxf5 35. Rxb7 Bg7 36. Qh4 Qxd5 37. Rb4 Re5 38. Rf4 Rce8 39. g4 Re4 40. gxh5 Rxf4 41. Qxf4 Re4 42. Qg3 Kh8 43. h6 Be5 44. Nxe5 Rg4+ 45. Kh2 Rxg3 46. fxg3 Qxe5 47. Kh3 Qe6+ 48. Kg2 Kh7 49. Rh4 d5 50. Kh2 Qd6 51. Kg2 d4 52. Kf2 Qf6+ 53. Ke2 Qe5+ 54. Kf2 Qe3+ 55. Kg2 d3 0-1